 Dungeon Crawl Stone Soup version 0.31-a0-981-geadf994542 (webtiles) character file.

Game seed: 1109722166331615382

74 Pixllover the Ruffian (level 4, 0/34 HPs)
             Began as a Gnoll Shapeshifter on Oct 31, 2023.
             Slain by a gnoll
             ... wielding a +0 flail
              (4 damage)
             ... on level 2 of the Dungeon.
             The game lasted 00:01:59 (1450 turns).

Pixllover the Ruffian (Gnoll Shapeshifter)          Turns: 1450, Time: 00:01:59

Health: 0/34       AC:  2    Str: 16    XL:     4   Next: 30%
Magic:  5/5        EV: 13    Int:  9    God:
Gold:   32         SH:  0    Dex: 11    Spells: 5/5 levels left

rFire   . .          .
                       - Unarmed
rCold   . . .        (no shield)
rNeg    . . .        a - +0 animal skin
rPois   .            (helmet currently unavailable)
rElec   .            (cloak currently unavailable)
rCorr   .            (gloves currently unavailable)
SInv    .            (boots currently unavailable)
Will    .....        (no amulet)
Stlth   +            (no ring)
HPRegen 0.25/turn    (no ring)
MPRegen 0.09/turn

%: no passive effects
@: beast-form
A: beast (slay +3), fangs 1, strong nose, distributed training
a: Begin Untransformation


You were on level 2 of the Dungeon.
You were a hulking beast.
You visited 1 branch of the dungeon, and saw 2 of its levels.

You collected 32 gold pieces.

Inventory:

Armour
 a - a +0 animal skin (worn)
 e - a +1 pair of boots
Talismans
 c - a beast talisman
 d - a flux talisman
Scrolls
 f - 2 scrolls of poison
 g - a scroll of identify {unknown}
 i - a scroll of fear {unknown}
 j - a scroll of immolation {unknown}
Potions
 b - a potion of lignification
 h - a potion of attraction {unknown}


   Skills:
 + Level 2.7 Fighting
 + Level 1.1 Short Blades
 + Level 1.1 Long Blades
 + Level 1.1 Axes
 + Level 1.1 Maces & Flails
 + Level 1.1 Polearms
 + Level 1.1 Staves
 + Level 1.1 Ranged Weapons
 + Level 1.1 Throwing
 + Level 1.1 Armour
 + Level 4.6 Dodging
 + Level 1.1 Stealth
 + Level 1.1 Shields
 + Level 6.6 Unarmed Combat
 + Level 1.1 Spellcasting
 + Level 0.8 Conjurations
 + Level 0.8 Hexes
 + Level 0.8 Summonings
 + Level 0.8 Necromancy
 + Level 0.8 Translocations
 + Level 0.8 Transmutations
 + Level 0.8 Fire Magic
 + Level 0.8 Ice Magic
 + Level 0.8 Air Magic
 + Level 0.8 Earth Magic
 + Level 0.8 Poison Magic
 + Level 1.2 Invocations
 + Level 1.1 Evocations
 + Level 6.5 Shapeshifting


You had 5 spell levels left.
You didn't know any spells.
Your spell library contained the following spells:

 Spells                   Type           Power      Damage    Failure   Level
 Apportation              Tloc           4%         N/A       26%         1
 Summon Small Mammal      Summ           8%         N/A       26%         1
 Jinxbite                 Hex            4%         N/A       36%         2
 Call Canine Familiar     Summ           2%         N/A       61%         3
 Summon Guardian Golem    Hex/Summ       2%         N/A       61%         3
 Alistair's Intoxication  Tmut/Pois      1%         N/A       100%        5
 Iskenderun's Battlesphe  Conj           2%         2d6       100%        5
 Bombard                  Conj/Erth      1%         9d1       100%        6
 Spellforged Servitor     Conj/Summ      1%         N/A       100%        7


Dungeon Overview and Level Annotations

Branches:
Dungeon (2/15)

Altars:


Innate Abilities, Weirdness & Mutations

You are a hulking beast.
Your limbs bulge with bestial killing power. (Slay +3)
You have very sharp teeth.
Your uncanny sense of smell can sniff out nearby items.
Your experience applies equally to all skills.


Message History

The quokka misses you.
You closely miss the quokka. The quokka bites you.
You barely miss the quokka. The endoplasm closely misses you.
The quokka closely misses you.
You punch the quokka!
You kill the quokka!
A gnoll comes into view. It is wielding a +0 flail.
The gnoll shouts!
You hit the endoplasm.
The endoplasm is severely wounded.
You hear a shout!
You hit the endoplasm.
You kill the endoplasm!
You barely miss the gnoll. You bite the gnoll.
The gnoll is moderately wounded.
The gnoll barely misses you. The gnoll hits you with a +0 club.
The gnoll barely misses you.
You punch the gnoll!
You kill the gnoll!
The gnoll hits you with a +0 flail.
You have reached level 4!
You feel stronger.
You hit the gnoll.
The gnoll is heavily wounded.
The gnoll closely misses you.
You hit the gnoll.
The gnoll is almost dead.
The gnoll misses you.
You closely miss the gnoll.
The gnoll is almost dead.
The gnoll hits you with a +0 flail!
* * * LOW HITPOINT WARNING * * *
You hit the gnoll.
You kill the gnoll!
You start resting.
A gnoll comes into view. It is wielding a +0 flail.
A gnoll is nearby!
You see here a +0 club.
The gnoll attacks as it pursues you! The gnoll hits you with a +0 flail.
You die...

... #.. #.# ... #.#
#.# #.# #.#####h# #.
.#........g# ..
.....#####.# ∆.
.#.#....####.##....
####...
....##.........#
#...#.#
#.#.##.#.##...##
#...#.# #.#.##.#.# .##
......###.#.#)...###.#
......†.....)........#
..


You could see a gnoll.

Vanquished Creatures
  3 gnolls
  An adder (D:2)
  2 dart slugs (D:1)
  5 ball pythons (D:1)
  5 bats
  3 endoplasms
  4 giant cockroaches
  2 goblins
  3 hobgoblins
  A quokka (D:2)
  A frilled lizard (D:1)
  3 rats (D:1)
33 creatures vanquished.

Notes
Turn   | Place    | Note
-------+----------+-------------------------------------------
     0 | D:1      | Pixllover the Gnoll Shapeshifter began the quest for the
                  | Orb.
     0 | D:1      | Reached XP level 1. HP: 17/17 MP: 1/1
   136 | D:1      | Reached XP level 2. HP: 22/23 MP: 2/2
   423 | D:1      | Reached XP level 3. HP: 28/28 MP: 3/3
  1069 | D:2      | Reached skill level 1 in Invocations
  1106 | D:2      | Reached skill level 1 in Short Blades
  1106 | D:2      | Reached skill level 1 in Long Blades
  1106 | D:2      | Reached skill level 1 in Axes
  1106 | D:2      | Reached skill level 1 in Maces & Flails
  1106 | D:2      | Reached skill level 1 in Polearms
  1106 | D:2      | Reached skill level 1 in Staves
  1106 | D:2      | Reached skill level 1 in Ranged Weapons
  1106 | D:2      | Reached skill level 1 in Throwing
  1106 | D:2      | Reached skill level 1 in Armour
  1106 | D:2      | Reached skill level 1 in Stealth
  1106 | D:2      | Reached skill level 1 in Shields
  1106 | D:2      | Reached skill level 1 in Spellcasting
  1106 | D:2      | Reached skill level 1 in Evocations
  1436 | D:2      | Reached XP level 4. HP: 12/34 MP: 5/5
  1438 | D:2      | HP: 1/34 [gnoll/+0 flail (11)]
  1450 | D:2      | Slain by a gnoll

Illustrated notes

Levels and vault maps discovered:
D:1:      roderic_crop_circles_arrival_small, layout_basic,
          serial_co_window_serial, co_window_corner_a,
          co_window_of_opportunity_a, co_window_corner_a,
          co_window_of_opportunity_a, co_window_corner_a, co_window_corner_b,
          co_window_broadway_a, co_window_2corner, co_window_2corner,
          glass_columns_a, glass_columns_a
D:2:      layout_loops_ring, st_stairs_10, grunt_ministairs_6

Skill      XL: |  1  2  3 |
---------------+----------+-----
Invocations    | 1 |  1.2
Short Blades   | 1 |  1.1
Long Blades    | 1 |  1.1
Axes           | 1 |  1.1
Maces & Flails | 1 |  1.1
Polearms       | 1 |  1.1
Staves         | 1 |  1.1
Ranged Weapons | 1 |  1.1
Throwing       | 1 |  1.1
Armour         | 1 |  1.1
Stealth        | 1 |  1.1
Shields        | 1 |  1.1
Spellcasting   | 1 |  1.1
Evocations     | 1 |  1.1
Fighting       | |  2.7
Dodging        | |  4.6
Unarmed Combat | |  6.6
Conjurations   | |  0.8
Hexes          | |  0.8
Summonings     | |  0.8
Necromancy     | |  0.8
Translocations | |  0.8
Transmutations | |  0.8
Fire Magic     | |  0.8
Ice Magic      | |  0.8
Air Magic      | |  0.8
Earth Magic    | |  0.8
Poison Magic   | |  0.8
Shapeshifting  | |  6.5

Action                     |  1- 3 |  4- 6 || total
---------------------------+-------+-------++-------
  Melee: Unarmed           |    67 |     4 ||    71
         Bite              |     2 |       ||     2
    Use: Scroll            |     2 |       ||     2
   Stab: Sleeping          |     1 |       ||     1
 Armour: Animal skin       |    28 |     2 ||    30
  Dodge: Dodged            |    51 |     2 ||    53

Table legend: (Time is in decaauts)
 A = Elapsed time spent in this place.
 B = Non-inter-level travel time spent in this place.
 C = Inter-level travel time spent in this place.
 D = Time resting spent in this place.
 E = Time spent auto-exploring this place.
 F = Levels seen in this place.
 G = Mean time per level.
                   A        B        C        D        E       F      G
               +--------+--------+--------+--------+--------+-----+--------+
         Total |   1441 |   1377 |     64 |    129 |    939 |   2 |  720.5 |
       Dungeon |   1441 |   1377 |     64 |    129 |    939 |   2 |  720.5 |
               +--------+--------+--------+--------+--------+-----+--------+

Top non-repeatable levels by time:
     D:1: 1059 daAuts
     D:2: 381 daAuts
